 Dungeon Crawl Stone Soup version 0.31-a0-995-g04711c9635 (webtiles) character file.

Game seed: 11450826448748396650

294454 Gargoyl the Executioner (level 21, -4/217 HPs)
             Began as a Gargoyle Berserker on Nov 6, 2023.
             Was the Champion of Trog.
             Slain by a vault warden
             ... wielding a +0 bardiche
              (6 damage)
             ... on level 5 of the Vaults.
             The game lasted 00:59:06 (32923 turns).

Gargoyl the Executioner (Gargoyle Berserker)       Turns: 32923, Time: 00:59:06

Health: -4/217     AC: 41    Str: 22    XL:     21   Next: 23%
Magic:  0/21       EV: 14    Int:  8    God:    Trog [******]
Gold:   4817       SH: 20    Dex: 19    Spells: 20/20 levels left

rFire   + + +        H - +16 obsidian axe {drain, demonic, Mesm Drain Fly SInv}
rCold   + . .        i - +4 kite shield
rNeg    + + .        O - +0 chain mail {rC+}
rPois   ∞            F - +2 helmet
rElec   +            P - +2 cloak
rCorr   +            B - +1 pair of gloves "Bolawul" {rElec Will+}
SInv    +            Z - +1 pair of boots of Defence {rF+ rN+ Dex+2}
Will    ++...        e - amulet of guardian spirit Stlth
                     o - ring of protection from fire
HPRegen 0.56/turn    Q - ring of resist corrosion
MPRegen 0.17/turn

%: guardian spirit
@: berserking, flying, mesmerised, very quick
A: sickness immunity, AC +16, big wings, negative energy resistance 1,
electricity resistance, torment resistance 1, petrification resistance, dopey 1,
fire resistance 1, sturdy frame 1
}: 1/15 runes: serpentine
a: Renounce Religion, Berserk, Trog's Hand, Brothers in Arms


You were on level 5 of the Vaults.
You worshipped Trog.
Trog was exalted by your worship.
You visited 6 branches of the dungeon, and saw 32 of its levels.
You also visited: Trove, Ossuary, Gauntlet and Ice Cave.

You collected 5745 gold pieces.
You spent 928 gold pieces at shops.

Inventory:

Hand Weapons
 a - a +4 heavy broad axe
 H - the +16 obsidian axe (weapon) {drain, demonic, Mesm Drain Fly SInv}
   (You took it off a gnoll on level 9 of the Dungeon)

   Mesm:      Its wielder is mesmerised by any visible foes, and it cannot be
   unequipped while any foes are visible.
   SInv:      It lets you see invisible.
   Fly:       It grants you flight.
   Drain:     It drains your maximum health when unequipped.
 R - a +8 broad axe of flaming
Missiles
 f - 57 poisoned darts (quivered)
Armour
 i - a +4 kite shield (worn)
 B - the +1 pair of gloves "Bolawul" (worn) {rElec Will+}
   (You found it in a Gauntlet)

   rElec:     It insulates you from electricity.
   Will+:     It increases your willpower.
 F - a +2 helmet (worn)
 O - a +0 chain mail of cold resistance (worn)
 P - a +2 cloak (worn)
 Z - the +1 pair of boots of Defence (worn) {rF+ rN+ Dex+2}
   (You bought it in a shop on level 1 of the Vaults)

   Dex+2:     It affects your dexterity (+2).
   rF+:       It protects you from fire.
   rN+:       It protects you from negative energy.
Jewellery
 e - an amulet of guardian spirit (around neck)
 g - an amulet of magic regeneration
 j - a +5 ring of evasion
 m - a ring of fire
 o - a ring of protection from fire (left hand)
 Q - a ring of resist corrosion (right hand)
Wands
 h - a wand of mindburst (8)
 q - a wand of charming (25)
 r - a wand of digging (19)
 t - a wand of iceblast (11)
 u - a wand of flame (39)
 x - a wand of quicksilver (22)
 M - a wand of polymorph (11)
Scrolls
 c - 3 scrolls of enchant weapon
 n - 7 scrolls of fear
 w - 7 scrolls of immolation
 y - 17 scrolls of teleportation
 z - a scroll of vulnerability
 C - 6 scrolls of blinking
 G - 5 scrolls of poison
 I - 11 scrolls of identify
 K - 2 scrolls of silence
 N - 3 scrolls of revelation
 T - 4 scrolls of fog
 Y - 2 scrolls of summoning
Potions
 b - 4 potions of ambrosia
 d - 15 potions of enlightenment
 k - 7 potions of lignification
 l - 2 potions of attraction
 p - 6 potions of might
 s - a potion of experience
 v - 2 potions of resistance
 A - 13 potions of curing
 D - 2 potions of invisibility
 J - 5 potions of berserk rage
 U - a potion of mutation


   Skills:
 + Level 19.6 Fighting
 + Level 21.0 Axes
 + Level 13.7 Armour
 + Level 9.0 Dodging
 + Level 10.3 Stealth
 + Level 18.8 Shields


You had 20 spell levels left.
You didn't know any spells.
Your spell library was empty.

Dungeon Overview and Level Annotations

Branches:
Dungeon (15/15)            Temple (0/1) D:4            Lair (5/5) D:10
  Swamp (0/4) Lair:3        Snake (4/4) Lair:3        Slime (0/5) Lair:5
    Orc (2/2) D:11            Elf (1/3) Orc:2        Vaults (5/5) D:13
  Crypt (0/3) Vaults:3     Depths (0/4) D:15        Ossuary (visited)
  IceCv (visited)         Gauntlet (visited)

Altars:
Cheibriados
Fedhas
Gozag
Makhleb
Ru
Uskayaw
Vehumet
Wu Jian
Yredelemnul

Shops:
D:14 (   Orc:2 :[(=*   Snake:1 [   Snake:2 *[:   Vaults:1 [


Innate Abilities, Weirdness & Mutations

You are immune to sickness and miasma.
Your stone body is resilient. (AC +16)
You are immune to poison.
Your large and strong wings let you fly.
You resist negative energy. (rN+)
You are resistant to electric shocks. (rElec)
You are resistant to unholy torment.
You are immune to petrification.
You are dopey. (Int -2)
Your flesh is heat resistant. (rF+)
Your movements are slightly less encumbered by armour. (ER -2)


Message History

The quicksilver dragon is severely wounded.
You slash the golden dragon!
Your troll bites the purple very ugly thing!
Your troll barely misses the purple very ugly thing.
Your troll claws the purple very ugly thing.
You block the quicksilver dragon's attack.
The quicksilver dragon claws you.
* * * LOW HITPOINT WARNING * * *
You slice the quicksilver dragon!!
You kill the quicksilver dragon!
Trog accepts your kill.
You barely miss the golden dragon.
The frost giant points at you and mumbles some strange words.
The bolt of cold hits you!! You resist.
* * * LOW HITPOINT WARNING * * *
You block the vault warden's attack.
A vault warden comes into view. It is wielding a +3 vampiric halberd.
The golden dragon breathes cold at you. The bolt of cold hits you! You resist.
* * * LOW HITPOINT WARNING * * *
Your troll misses the purple very ugly thing.
Your troll closely misses the purple very ugly thing.
Your troll barely misses the purple very ugly thing.
The vault warden shouts!
You hear a shout!
You slice the golden dragon like a ripe choko!!!
You open a gate to Pandemonium!
A demon appears!
The golden dragon is severely wounded.
An entropy weaver comes into view.
Unknown command.
You slice the golden dragon!!
You are no longer entranced.
You feel the power of Trog in you as your rage grows.
You kill the golden dragon!
Trog accepts your kill.
The gold dragon scales are intact enough to wear.
You slice the purple very ugly thing!! You drain the purple very ugly thing!
Visions of slaying the purple very ugly thing flood into your mind.
The frost giant barely misses your troll.
The vault warden hits you from afar with a +0 bardiche!
You die...

#..##....#.#
....#....#[##.
.p.......)..
######........#####
..........s........
.........§<[[......
.......p<.[<[.(....
.......§)<<[[......
#####)@uC(u..#####
#.[)T.........
#D..#†4..#.B...
.....##....#......
...C.# #....#.....#
..... #.?..##...##
.... #....# ...
#... #....# #....#


You could see a frost giant (extremely poisoned), 2 very ugly things, a fire
giant, a quicksilver dragon, 2 vault wardens, an entropy weaver, a culicivora
shaped shifter, a friendly troll (summoned, berserk) and a friendly chaos spawn
(summoned).

Vanquished Creatures
  The ghost of Angmar the Cloud Mage, a veteran DrAE of Vehumet (Vaults:3)
  Vashnia (Snake:2)
  A golden dragon (Vaults:5)
  A quicksilver dragon (Vaults:5)
  A tentacled monstrosity (Vaults:5)
  A sphinx (Vaults:2)
  Agnes (Snake:1)
  A storm dragon (Vaults:4)
  A tengu reaver (Vaults:3)
  8 nagarajas
  Donald (Vaults:1)
  A frost giant (Vaults:3)
  15 vault wardens
  3 orc warlords
  14 ironbound preservers
  3 stone giants
  A war gargoyle (Vaults:3)
  A formless jellyfish (Vaults:3)
  A reaper (IceCv)
  A very ugly thing (Vaults:3)
  5 ironbound thunderhulks
  2 deep elf demonologists
  A minotaur (Gauntlet)
  12 dire elephants
  2 fire dragons (D:15)
  4 entropy weavers
  An entropy weaver (shapeshifter) (Vaults:3)
  15 yaktaur captains
  3 great orbs of eyes
  An ice dragon (D:15)
  Josephine (D:12)
  2 peacekeepers
  4 salamander tyrants
  2 ghost crabs (Lair:3)
  A catoblepas (Lair:5)
  4 hydras
  4 boulder beetles
  33 vault guards
  7 anacondas
  8 centaur warriors
  7 two-headed ogres
  10 ironbound frosthearts
  A deep troll earth mage (D:10)
  4 naga warriors
  3 orc high priests
  2 dancing weapons (Elf:1)
  5 naga sharpshooters
  A tengu warrior (D:15)
  8 shock serpents
  2 deep elf knights (Elf:1)
  Nergalle (Lair:1)
  3 skysharks
  A fire crab (shapeshifter) (D:14)
  A spectral death yak (Lair:3)
  The ghost of ripuliukko the Thaumaturge, a novice GrEE of Vehumet (D:8)
  6 salamander mystics
  14 deep trolls
  5 naga ritualists
  2 spectral hydras (Lair:3)
  10 orc knights
  An obsidian statue (Gauntlet)
  4 deep elf archers (Elf:1)
  2 lindwurms (Vaults:1)
  20 ironbound convokers
  6 deep elf zephyrmancers (Elf:1)
  6 arcanists
  Pikel (D:6)
  9 harpies
  A human zombie (Vaults:1)
  3 deep elf pyromancers (Elf:1)
  2 necromancers
  5 mana vipers
  2 oklob plants (Lair:5)
  A manticore (D:13)
  12 ugly things
  2 cyclopes
  22 salamanders
  7 elephants
  8 vault sentinels
  A human skeleton (Vaults:1)
  3 guardian serpents
  21 black mambas
  9 naga magi
  2 ice statues (IceCv)
  9 cane toads
  A gargoyle (D:10)
  19 yaktaurs
  Jeremiah (D:6)
  An unseen horror (D:11)
  10 komodo dragons
  2 efreet (D:15)
  3 yaktaur zombies (Vaults:4)
  2 kobold demonologists
  A rime drake (Lair:5)
  3 freezing wraiths
  A yaktaur skeleton (Vaults:1)
  An anaconda simulacrum (IceCv)
  3 red devils (Orc:2)
  6 polar bears
  2 trolls
  3 meliai (Gauntlet)
  5 ice devils (IceCv)
  The ghost of Zigma the Changeling, an amateur DrSh (D:4)
  12 blink frogs
  A spectral dream sheep (Lair:3)
  5 hornets
  4 dream sheep
  9 slime creatures
  A spectral elephant (Lair:3)
  9 spriggans (Lair:5)
  42 yaks
  5 wraiths
  2 vampires
  A ynoxinul (D:8)
  3 dire elephant simulacra (IceCv)
  5 wyverns
  A water elemental (D:13)
  Sigmund (D:6)
  5 basilisks
  8 vampire mosquitoes
  Menkaure (D:5)
  A steam dragon (D:7)
  38 nagas
  3 acid dragons (D:9)
  3 harpy simulacra (IceCv)
  2 hydra simulacra (IceCv)
  4 wargs
  14 water moccasins
  30 orc warriors
  An ice beast (D:6)
  9 boggarts
  A black bear (Lair:5)
  3 ogres
  A spectral rime drake (Lair:3)
  5 centaurs
  An orc skeleton (Vaults:1)
  2 phantoms
  15 wolves
  3 lemures (D:6)
  2 kobold brigands
  2 gnoll sergeants
  A two-headed ogre simulacrum (IceCv)
  17 bullfrogs
  3 scorpions (D:6)
  3 wights (D:7)
  2 howler monkeys
  6 electric eels
  23 orc priests
  4 hounds
  3 jellies
  3 iguanas
  16 orc wizards
  A polar bear simulacrum (IceCv)
  A hell rat (Lair:4)
  4 mummies (Ossuary)
  11 gnolls
  7 adders
  2 shadow imps
  17 white imps
  4 dart slugs
  80 orcs
  6 endoplasms
  4 giant cockroaches
  5 gnoll zombies (Ossuary)
  7 goblins
  4 hobgoblins
  2 jackals (D:5)
  3 quokkas (D:1)
  4 ball pythons
  6 bats
  2 frilled lizards
  A goblin zombie (Ossuary)
  A hobgoblin zombie (Ossuary)
  11 kobolds
  An orc zombie (Ossuary)
  5 rats
1006 creatures vanquished.

Vanquished Creatures (collateral kills)
  2 nagarajas
  Aizul (Snake:2)
  A deep elf sorcerer (Vaults:5)
  2 vault wardens (Vaults:2)
  A war gargoyle (Vaults:3)
  3 ironbound preservers
  A dire elephant (Vaults:2)
  2 yaktaur captains
  A deep elf high priest (Vaults:5)
  A great orb of eyes (Vaults:4)
  2 salamander tyrants (Snake:4)
  5 vault guards
  2 hydras
  An ironbound frostheart (Vaults:2)
  An anaconda (Snake:4)
  2 centaur warriors
  3 two-headed ogres
  5 naga warriors
  5 naga sharpshooters
  3 orc high priests (Orc:2)
  A shock serpent (Snake:2)
  2 salamander mystics
  A skyshark (Lair:4)
  A naga ritualist (Snake:1)
  12 deep trolls
  5 ironbound convokers
  A deep elf archer (Elf:1)
  3 orc knights
  A lindwurm (Lair:2)
  4 harpies
  3 oklob plants (Lair:5)
  A phantasmal warrior (Vaults:3)
  A deep elf pyromancer (Elf:1)
  3 ugly things
  3 mana vipers
  2 fire giant zombies
  A deep elf zephyrmancer (Elf:1)
  16 elephants
  5 salamanders
  7 black mambas
  A gargoyle (D:10)
  6 naga magi
  5 cane toads
  A vault sentinel (Vaults:2)
  3 komodo dragons
  A kobold demonologist (D:13)
  16 yaktaurs
  A tengu conjurer (D:13)
  An ice devil (IceCv)
  A spectral skyshark (Lair:3)
  A troll (D:11)
  15 blink frogs
  7 slime creatures
  An air elemental (Elf:1)
  2 spriggans (Lair:5)
  A shadow (D:11)
  5 wraiths
  15 yaks
  A human (D:11)
  A redback (Vaults:2)
  2 vampire mosquitoes (D:12)
  22 nagas
  8 water moccasins
  A hydra simulacrum (IceCv)
  2 black bears (Lair:5)
  10 orc warriors
  3 ogres
  A centaur (D:13)
  5 wolves
  2 kobold brigands (D:13)
  13 orc priests
  A jelly (Lair:5)
  3 hell rats (Lair:4)
  An orc wizard (D:11)
  14 orcs
  A kobold (D:13)
291 creatures vanquished.

Vanquished Creatures (others)
  An entropy weaver (Vaults:3)
  A naga warrior (Snake:3)
  A deep elf pyromancer (Elf:1)
  A naga mage (Snake:4)
  3 orcs
7 creatures vanquished.

Grand Total: 1304 creatures vanquished

Notes
Turn   | Place    | Note
-------+----------+-------------------------------------------
     0 | D:1      | Gargoyl the Gargoyle Berserker began the quest for the Orb.
     0 | D:1      | Reached XP level 1. HP: 14/14 MP: 1/1
    82 | D:1      | Reached XP level 2. HP: 16/19 MP: 2/2
   312 | D:1      | Reached skill level 3 in Axes
   474 | D:1      | Reached ** piety under Trog
   681 | D:1      | Reached XP level 3. HP: 24/24 MP: 3/3
  1640 | D:3      | Reached XP level 4. HP: 29/29 MP: 4/4
  2353 | D:4      | Reached XP level 5. HP: 33/33 MP: 3/5
  2539 | D:4      | Found a staircase to the Ecumenical Temple.
  2843 | D:4      | Found a large runed translucent door.
  2843 | D:4      | Found a large runed translucent door.
  2846 | D:4      | Noticed Zigma's ghost (amateur DrSh)
  2910 | D:4      | Reached *** piety under Trog
  2993 | D:4      | Killed Zigma's ghost
  2994 | D:4      | Reached skill level 4 in Axes
  2994 | D:4      | Reached XP level 6. HP: 40/40 MP: 4/6
  3036 | D:5      | Entered Level 5 of the Dungeon
  3050 | D:5      | Reached skill level 5 in Axes
  3050 | D:5      | Reached XP level 7. HP: 44/44 MP: 5/7
  3088 | D:5      | Reached skill level 1 in Stealth
  3107 | D:5      | Reached skill level 5 in Fighting
  3251 | D:5      | Noticed Menkaure
  3259 | D:5      | Killed Menkaure
  3374 | D:5      | Found a sacrificial altar of Ru.
  3602 | D:5      | Reached skill level 6 in Axes
  3602 | D:5      | Reached XP level 8. HP: 49/49 MP: 8/8
  3802 | D:6      | Reached skill level 5 in Armour
  3950 | D:6      | Reached skill level 1 in Shields
  3980 | D:6      | Noticed Jeremiah
  3997 | D:6      | Killed Jeremiah
  3998 | D:6      | Reached skill level 7 in Axes
  4066 | D:6      | Reached XP level 9. HP: 48/55 MP: 9/9
  4347 | D:6      | Noticed Pikel
  4363 | D:6      | Killed Pikel
  4364 | D:6      | Reached skill level 8 in Axes
  4570 | D:6      | Noticed Sigmund
  4592 | D:6      | Killed Sigmund
  4935 | D:7      | Found an opulent altar of Gozag.
  4990 | D:7      | Found a radiant altar of Vehumet.
  5015 | D:7      | Found a sand-covered staircase.
  5022 | Ossuary  | Entered an ossuary
  5622 | D:7      | Reached skill level 9 in Axes
  5706 | D:8      | Noticed ripuliukko's ghost (novice GrEE)
  5718 | D:8      | Reached XP level 10. HP: 62/63 MP: 10/10
  5726 | D:8      | Reached **** piety under Trog
  6148 | D:8      | Found a snail-covered altar of Cheibriados.
  6173 | D:8      | Found a hide-covered altar of Uskayaw.
  6260 | D:8      | Noticed a two-headed ogre
  6266 | D:8      | Killed a two-headed ogre
  6292 | D:8      | Found a runed translucent door.
  6490 | D:8      | Killed ripuliukko's ghost
  6491 | D:8      | Reached skill level 10 in Axes
  6639 | D:9      | Noticed a two-headed ogre
  6652 | D:9      | Killed a two-headed ogre
  6653 | D:9      | Reached skill level 5 in Shields
  7000 | D:9      | Found a basalt altar of Yredelemnul.
  7169 | D:9      | Reached XP level 11. HP: 61/68 MP: 8/11
  7270 | D:10     | Entered Level 10 of the Dungeon
  7284 | D:10     | Found a blossoming altar of Fedhas.
  7294 | D:10     | Noticed a two-headed ogre
  7303 | D:10     | Killed a two-headed ogre
  7430 | D:10     | Noticed a deep troll earth mage
  7430 | D:10     | Found the +6 shillelagh "Devastator" {shatter}
  7431 | D:10     | Noticed a two-headed ogre
  7431 | D:10     | Noticed a boulder beetle
  7431 | D:10     | Noticed a boulder beetle
  7433 | D:10     | Noticed a two-headed ogre
  7434 | D:10     | Noticed a two-headed ogre
  7439 | D:10     | Killed a deep troll earth mage
  7443 | D:10     | Killed a two-headed ogre
  7446 | D:10     | Killed a boulder beetle
  7447 | D:10     | Reached skill level 11 in Axes
  7447 | D:10     | Killed a two-headed ogre
  7447 | D:10     | HP: 3/69 [two-headed ogre/+0 giant club (5)]
  7447 | D:10     | HP: 1/69 [gargoyle/stone arrow (2)]
  7448 | D:10     | Killed a two-headed ogre
  7464 | D:10     | Killed a boulder beetle
  7465 | D:10     | Reached skill level 5 in Dodging
  7577 | D:10     | Found a large runed translucent door.
  7577 | D:10     | Found a large runed translucent door.
  7623 | D:10     | Noticed a two-headed ogre
  7636 | D:10     | Killed a two-headed ogre
  7644 | D:10     | Found a burning altar of Makhleb.
  7827 | D:10     | Found a staircase to the Lair.
  8044 | D:10     | Found an ornate altar of the Wu Jian Council.
  8140 | D:10     | Reached XP level 12. HP: 63/76 MP: 10/12
  8277 | Lair:1   | Entered Level 1 of the Lair of Beasts
  8285 | Lair:1   | Reached skill level 12 in Axes
  8528 | Lair:1   | Found a frozen archway.
  8579 | IceCv    | Entered an ice cave
  9415 | IceCv    | Noticed a reaper
  9525 | IceCv    | Killed a reaper
 10355 | Lair:1   | Noticed Nergalle
 10364 | Lair:1   | Killed Nergalle
 10365 | Lair:1   | Reached skill level 13 in Axes
 10374 | Lair:1   | Reached skill level 10 in Fighting
 10409 | Lair:1   | Reached XP level 13. HP: 77/82 MP: 13/13
 11568 | Lair:2   | Reached skill level 14 in Axes
 11687 | Lair:2   | Reached ***** piety under Trog
 12413 | Lair:3   | Found a staircase to the Snake Pit.
 12509 | Lair:3   | Identified the +3 leather armour of the World {Rampage
                  | *Slow rElec rPois}
 12540 | Lair:3   | Identified the +3 broad axe of Havoc {freeze, Will- Str+6}
 12602 | Lair:3   | Gained mutation: Your large and strong wings let you fly.
                  | [Gargoyle growth]
 12602 | Lair:3   | Reached XP level 14. HP: 59/90 MP: 9/14
 12866 | Lair:3   | Reached skill level 10 in Shields
 12867 | Lair:3   | Reached skill level 10 in Armour
 12885 | Lair:3   | Found a staircase to the Swamp.
 12905 | Lair:3   | Reached skill level 15 in Axes
 14109 | Lair:5   | Entered Level 5 of the Lair of Beasts
 14187 | Lair:5   | Received a gift from Trog
 14352 | Lair:5   | Found a staircase to the Slime Pits.
 14364 | Lair:5   | Reached skill level 16 in Axes
 14389 | Lair:5   | Reached skill level 5 in Stealth
 14485 | Lair:5   | Reached XP level 15. HP: 91/96 MP: 13/15
 14718 | Lair:5   | Received a gift from Trog
 15520 | D:11     | Found a staircase to the Orcish Mines.
 15553 | D:11     | Received a gift from Trog
 15660 | D:11     | Found a gate leading to a gauntlet.
 15695 | Gauntlet | Entered a Gauntlet
 15695 | Gauntlet | Found a transporter.
 15695 | Gauntlet | Found a transporter.
 15698 | Gauntlet | Found a transporter.
 15703 | Gauntlet | Found a transporter.
 15713 | Gauntlet | Found a transporter.
 15733 | Gauntlet | Gained mutation: You sometimes lose your temper in combat.
                  | [potion of mutation]
 15733 | Gauntlet | Gained mutation: You are covered in fur. (AC +1) [potion of
                  | mutation]
 15733 | Gauntlet | Gained mutation: You are strong-willed. (Will+) [potion of
                  | mutation]
 15734 | Gauntlet | Lost mutation: You sometimes lose your temper in combat.
                  | [potion of mutation]
 15734 | Gauntlet | Lost mutation: You are strong-willed. (Will+) [potion of
                  | mutation]
 15734 | Gauntlet | Lost mutation: You are covered in fur. (AC +1) [potion of
                  | mutation]
 15734 | Gauntlet | Gained mutation: Your flesh is heat resistant. (rF+)
                  | [potion of mutation]
 15734 | Gauntlet | Gained mutation: Your spells are a little harder to cast,
                  | but a little more powerful. [potion of mutation]
 15734 | Gauntlet | Gained mutation: You are dopey. (Int -2) [potion of
                  | mutation]
 15734 | Gauntlet | Gained mutation: Your movements are slightly less
                  | encumbered by armour. (ER -2) [potion of mutation]
 15766 | Gauntlet | Found a transporter.
 15768 | Gauntlet | Found a transporter.
 15933 | Gauntlet | Found a transporter.
 15960 | Gauntlet | Identified the +1 pair of gloves "Bolawul" {rElec Will+}
 16014 | Gauntlet | Identified the +5 broad axe of Erruryte {speed, Will- Str+8
                  | Int+3}
 16501 | D:12     | Reached skill level 17 in Axes
 16632 | D:12     | Identified the +11 battleaxe "Ykliw" {heavy, *Rage Str+2
                  | Dex+6 SInv}
 16860 | D:12     | Noticed Josephine
 16865 | D:12     | Killed Josephine
 17175 | D:13     | Found a gate to the Vaults.
 17581 | D:13     | Found a portal to a secret trove of treasure.
 17790 | Trove    | Entered a treasure trove
 17832 | Trove    | Identified the +0 plate armour of the Pits of Slime {rF-
                  | Str+4 Dex+3 Stlth+}
 18484 | D:14     | Reached XP level 16. HP: 76/104 MP: 11/16
 18847 | D:14     | Reached * piety under Trog
 19063 | D:14     | Found Enuas's Antique Weapon Shop.
 19070 | D:14     | Found the ring of the Octopus King
 19073 | D:14     | Identified a ring of the Octopus King {Wiz HP+2 AC+2 EV+2
                  | SH+2}
 19165 | D:15     | Entered Level 15 of the Dungeon
 19743 | D:15     | Found a staircase to the Depths.
 20210 | Orc:1    | Entered Level 1 of the Orcish Mines
 20475 | Orc:2    | Entered Level 2 of the Orcish Mines
 20475 | Orc:2    | Found a staircase to the Elven Halls.
 20477 | Orc:2    | Found Luptuby's Book Boutique.
 20921 | Orc:2    | Reached skill level 18 in Axes
 21012 | Orc:2    | Lost mutation: Your spells are a little harder to cast, but
                  | a little more powerful. [a neqoxec]
 21561 | Orc:2    | Found Seasog's Antique Armour Shoppe.
 21564 | Orc:2    | Found Nokkat's General Store.
 21565 | Orc:2    | Found Zydu Etoub's Antique Weapon Shoppe.
 21566 | Orc:2    | Found Bick's Jewellery Emporium.
 21570 | Orc:2    | Bought a scroll of teleportation for 51 gold pieces
 21570 | Orc:2    | Bought a scroll of blinking for 127 gold pieces
 21570 | Orc:2    | Bought a scroll of teleportation for 51 gold pieces
 21679 | Desolati | Identified the "Iseno"
 21679 | Elf:1    | Entered Level 1 of the Elven Halls
 21697 | Elf:1    | Noticed an Executioner
 21705 | Elf:1    | Noticed an Ice Fiend
 21937 | Elf:1    | Identified a scroll of acquirement
 21937 | Elf:1    | Acquired 654 gold pieces
 22311 | Snake:1  | Entered Level 1 of the Snake Pit
 22479 | Snake:1  | Found Doentecwen's Armour Shop.
 22898 | Snake:1  | Noticed Agnes
 22908 | Snake:1  | Killed Agnes
 22909 | Snake:1  | Reached XP level 17. HP: 112/112 MP: 15/17
 22983 | Snake:2  | Noticed Vashnia
 23007 | Snake:2  | Killed Vashnia
 23098 | Snake:2  | Received a gift from Trog
 23134 | Snake:2  | Found Vubimyuc's Book Emporium.
 23136 | Snake:2  | Found Igunweos's Armour Shoppe.
 23139 | Snake:2  | Found Ulinaoca's General Store.
 23146 | Snake:2  | Bought a scroll of teleportation for 54 gold pieces
 23146 | Snake:2  | Bought a scroll of blinking for 135 gold pieces
 23416 | Snake:2  | Identified the serpent talisman of the Salamander {+Blink
                  | rC+ rN+ Str-3}
 23416 | Snake:2  | Noticed Aizul
 23423 | Snake:2  | Killed Aizul
 23646 | Snake:2  | Reached skill level 15 in Fighting
 23779 | Snake:2  | Found an ornate altar of the Wu Jian Council.
 24168 | Snake:3  | Received a gift from Trog
 24657 | Snake:4  | Entered Level 4 of the Snake Pit
 24867 | Snake:4  | Reached skill level 19 in Axes
 24867 | Snake:4  | Reached XP level 18. HP: 120/120 MP: 14/18
 24874 | Snake:4  | Received a gift from Trog
 24875 | Snake:4  | Reached skill level 15 in Shields
 25069 | Snake:4  | Got a serpentine rune of Zot
 26359 | Vaults:1 | Entered Level 1 of the Vaults
 26664 | Vaults:1 | Received a gift from Trog
 27249 | Vaults:1 | Noticed Donald
 27255 | Vaults:1 | Killed Donald
 27295 | Vaults:1 | Reached XP level 19. HP: 110/127 MP: 15/19
 27371 | Vaults:1 | Found Cematuro's Armour Emporium.
 27378 | Vaults:1 | Bought the +1 pair of boots of Defence {rF+ rN+ Dex+2} for
                  | 510 gold pieces
 28332 | Vaults:2 | Received a gift from Trog
 28332 | Vaults:2 | Found the +8 mithril axe "Arga" {speed, Will+}
 29649 | Vaults:3 | Reached skill level 20 in Axes
 30242 | Vaults:3 | You are sucked into a shaft and drop 1 floor!
 30344 | Vaults:4 | Reached XP level 20. HP: 116/136 MP: 18/20
 30428 | Vaults:4 | Identified the +6 mace of Karma {flame, *Noise rElec rPois
                  | Dex+5}
 30438 | Vaults:4 | Reached ****** piety under Trog
 30619 | Vaults:3 | Found a runed translucent gate.
 30619 | Vaults:3 | Found a runed translucent gate.
 30619 | Vaults:3 | Found a runed translucent gate.
 30619 | Vaults:3 | Noticed Angmar's ghost (veteran DrAE)
 30638 | Vaults:3 | Killed Angmar's ghost
 31050 | Vaults:3 | Found a staircase to the Crypt.
 31081 | Vaults:3 | Received a gift from Trog
 31306 | Vaults:3 | Noticed a Brimstone Fiend
 32100 | Vaults:4 | Reached skill level 10 in Stealth
 32282 | Vaults:4 | Received a gift from Trog
 32794 | Vaults:5 | Entered Level 5 of the Vaults
 32812 | Vaults:5 | Reached XP level 21. HP: 144/144 MP: 18/21
 32901 | Vaults:5 | Reached skill level 21 in Axes
 32905 | Vaults:5 | Noticed a golden dragon
 32921 | Vaults:5 | HP: 1/216 [golden dragon/bolt of cold (10)]
 32923 | Vaults:5 | Killed a golden dragon
 32923 | Vaults:5 | Slain by a vault warden

Illustrated notes

Levels and vault maps discovered:
D:1:      dpeg_arrival_subterranean_lakeside_camping, layout_basic
D:2:      layout_basic
D:3:      layout_rooms
D:4:      layout_basic, minmay_temple_entry_gardened_gates,
          ebering_ghost_disaster_area
D:5:      layout_basic, nicolae_ru_path_of_blood, uniq_menkaure
D:6:      layout_loops_ring, minmay_misc_feat_square, uniq_sigmund, uniq_pikel,
          uniq_jeremiah
D:7:      layout_rooms, nicolae_vehumet_altar_sigil,
          mainiacjoe_overflow_small_starburst, chequers_ossuary_entry_cave,
          small_statue_intersection, serial_park_tiny_pond
D:8:      layout_loops_ring, nicolae_overflow_crystal_walls,
          kennysheep_slug_shrine, hellmonk_ghost_big_iron
D:9:      layout_basic, mainiacjoe_overflow_surrounded_room,
          dreamdust_deal_with_the_devil
D:10:     minmay_roctagon, layout_basic, mainiacjoe_overflow_brackets,
          jmf_multi_god_temple2, lair_entry_dummy
D:11:     layout_loops_ring, erik_orc_4, gauntlet_entry_generic
D:12:     layout_roguey, bh_walls_and_bars, uniq_josephine
D:13:     layout_loops_ring, lightli_vaults_fourway_checkpoint, enter_trove_0,
          serial_bayou, serial_bayou_ford_a, serial_bayou_shore_a,
          serial_bayou_pond_d, serial_bayou_pond_e, minmay_misc_feat_plants
D:14:     layout_long_grid, special_room [special_room_orc],
          amcnicky_mini_pool_small, serial_shops, nicolae_shop_rolling_square
D:15:     grunt_enter_depths_hoard, layout_basic
Lair:1:   cheibrodos_lair_river_kwai, layout_regular_city,
          portal_ice_cave_entry_imps, chequers_serial_rivers_micro_e,
          uniq_nergalle
Lair:2:   layout_hall_layers, minmay_hedge_maze, nzn_random_ring,
          grunt_megastairs_4
Lair:3:   layout_loops_ring, nicolae_swamp_entry_spooky,
          minmay_snake_entry_six_corridors, st_stairs_7
Lair:4:   dreamdust_cave_troll, layout_cave_pods
Lair:5:   minmay_lair_end_enchanted_forest, layout_hall_layers,
          minmay_slime_entry_pillars, dpeg_oklob_1
Snake:1:  layout_gridlike, serial_shops, nicolae_shop_mannequins,
          grunt_ministairs_12, uniq_agnes
Snake:2:  layout_grid_maze, basic_altar, minmay_shop_star, uniq_vashnia,
          uniq_aizul
Snake:3:  layout_misc_corridors, drop_trap
Snake:4:  minmay_snake_end_coiled, layout_cave_town, grunt_ministairs_4
Orc:1:    layout_diamond_mine
Orc:2:    st_orc_pillars, layout_caves, serial_shops, shop,
          einodemon_armed_red_devil_minivault
Elf:1:    elf_arrival_001, layout_rooms, portal_desolation_entry_holy_temple,
          serial_shops, shop, gammafunk_ghost_wrathful_warriors,
          kennysheep_underground_church
Vaults:1: nicolae_vaults_circle_grid_b, nicolae_vaults_taking_the_gang_shopping,
          nicolae_vaults_little_squares_3, nicolae_vaults_apartment_2,
          vaults_dpeg_cross, nicolae_vaults_border_crossing,
          nicolae_vaults_turnstiles, grunt_vaults_twisty,
          nicolae_vaults_diagonal_hallway_8, vaults_dpeg_diagonal, v_misc_4,
          nicolae_vaults_little_squares_1, layout_vaults_omnigrid, uniq_donald
Vaults:2: nicolae_vaults_house_1, nicolae_vaults_frosty_reception,
          nicolae_vaults_oval_intersection, ontoclasm_vaults_gateway,
          nicolae_vaults_offset_grid_hallway_1,
          nicolae_vaults_closet_pinwheel_2, v_alt_pattern_5,
          dpeg_vaults_monster_row, v_misc_8, hangedman_vaults_nails,
          nicolae_vaults_shelves_hall, v_alt_pattern_1,
          nicolae_vaults_mini_display_case, layout_vaults_omnicross,
          serial_shops, bzr_entry_islet
Vaults:3: ebering_ghost_rock_garden, nicolae_vaults_network_quincunx
          [nicolae_vaults_network_quincunx_subvault,
          nicolae_vaults_network_quincunx_subvault,
          nicolae_vaults_network_quincunx_subvault,
          nicolae_vaults_network_quincunx_subvault,
          nicolae_vaults_network_quincunx_subvault],
          dpeg_vaults_pockets_of_resistance, nicolae_vaults_house_3,
          nicolae_vaults_big_angled_halls, nicolae_vaults_closet_pinwheel_4,
          nicolae_vaults_octothorpe, v_misc_14, nicolae_vaults_tetromino_T_1,
          layout_vaults_chaotic_city
Vaults:4: grunt_vaults_funnel, nicolae_vaults_antechamber_and_loot_room,
          nicolae_vaults_tetromino_T_1, vaults_room_stairs_pillars,
          nicolae_vaults_wrenched, grunt_vaults_trifunnel, hangedman_vaults_hat,
          nicolae_vaults_house_1, nicolae_vaults_storage_closets_1,
          nicolae_vaults_trapezoid_layered, v_misc_22, v_pattern_4,
          nicolae_vaults_tetromino_Z_1, nicolae_vaults_variable_pillar_hall,
          nicolae_vaults_diamond_1, nicolae_vaults_little_squares_1,
          layout_vaults_ring
Vaults:5: serial_shops

Skill      XL: |  1  2  3  4  5  6  7  8  9 10 11 12 13 14 15 16 17 18 19 20 21 |
---------------+----------------------------------------------------------------+-----
Axes           | 3 4 5 6 7 9 10 11 13 14 16 17 18 19 20 21 | 21.0
Armour         | 3 4 6 7 8 9 10 11 12 13 | 13.7
Dodging        | 2 3 4 5 6 7 8 9 |  9.0
Fighting       | 4 5 6 7 9 10 11 12 13 14 15 16 18 19 | 19.6
Stealth        | 1 3 4 5 6 7 8 9 10 | 10.3
Shields        | 2 3 5 6 8 9 10 11 13 14 16 17 18 | 18.8

Action                     |  1- 3 |  4- 6 |  7- 9 | 10-12 | 13-15 | 16-18 | 19-21 || total
---------------------------+-------+-------+-------+-------+-------+-------+-------++-------
  Melee: Hand axe          |    92 |   106 |   347 |   483 |       |       |       ||  1028
         Broad axe         |       |       |       |    83 |   547 |   779 |   541 ||  1950
 Invoke: Berserk           |     1 |     2 |     3 |    12 |     6 |    12 |    10 ||    46
         Trog's Hand       |       |     1 |     1 |     8 |     3 |     7 |     4 ||    24
         Brothers in Arms  |       |       |       |     2 |     1 |     1 |     3 ||     7
    Use: Scroll            |     6 |     4 |    10 |     4 |    11 |     5 |       ||    40
         Potion            |       |       |       |     3 |     4 |       |     3 ||    10
   Stab: Sleeping          |       |       |       |     6 |       |    11 |     3 ||    20
         Distracted        |       |       |       |       |     8 |    22 |    18 ||    48
 Armour: Animal skin       |    17 |       |       |       |       |       |       ||    17
         Chain mail        |    53 |    82 |   228 |    66 |   694 |   531 |   394 ||  2048
         Ring mail         |       |       |       |   348 |       |       |       ||   348
  Dodge: Dodged            |    51 |    41 |    80 |   213 |   282 |   236 |   203 ||  1106
  Block: Kite shield       |       |       |    96 |   309 |   464 |   648 |   527 ||  2044

Table legend: (Time is in decaauts)
 A = Elapsed time spent in this place.
 B = Non-inter-level travel time spent in this place.
 C = Inter-level travel time spent in this place.
 D = Time resting spent in this place.
 E = Time spent auto-exploring this place.
 F = Levels seen in this place.
 G = Mean time per level.
                   A        B        C        D        E       F      G
               +--------+--------+--------+--------+--------+-----+--------+
         Total |  32913 |  31407 |   1506 |   1154 |  22966 |  36 |  914.2 |
       Dungeon |  12706 |  11940 |    766 |     24 |   9348 |  15 |  847.1 |
          Lair |   5876 |   5525 |    351 |     81 |   4178 |   5 | 1175.2 |
     Snake Pit |   3840 |   3731 |    109 |      0 |   2869 |   4 |  960.0 |
  Orcish Mines |   1471 |   1320 |    151 |      0 |    969 |   2 |  735.5 |
   Elven Halls |    424 |    424 |      0 |      0 |    231 |   1 |  424.0 |
        Vaults |   6476 |   6349 |    127 |    268 |   4853 |   5 | 1295.2 |
         Trove |     77 |     77 |      0 |      0 |      6 |   1 |   77.0 |
       Ossuary |    259 |    259 |      0 |      0 |    104 |   1 |  259.0 |
      Ice Cave |   1435 |   1435 |      0 |    639 |    381 |   1 | 1435.0 |
      Gauntlet |    344 |    344 |      0 |    141 |     25 |   1 |  344.0 |
               +--------+--------+--------+--------+--------+-----+--------+

Top non-repeatable levels by time:
Vaults:3: 1746 daAuts
Vaults:2: 1676 daAuts
Vaults:1: 1579 daAuts
  Lair:2: 1502 daAuts
 Snake:4: 1443 daAuts
   IceCv: 1435 daAuts
Vaults:4: 1419 daAuts
  Lair:5: 1231 daAuts
  Lair:1: 1177 daAuts
 Snake:2: 1173 daAuts
    D:13: 1132 daAuts
     D:6: 1097 daAuts
    D:10: 1072 daAuts
  Lair:3: 1022 daAuts
    D:15: 972 daAuts
